 Dungeon Crawl Stone Soup version 0.22.1-6-g1668fe2 (webtiles) character file.

107 redwoodhats the Shield-Bearer (level 5, -5/42 HPs)
             Began as a Formicid Fighter on Jan 17, 2019.
             Killed from afar by an electric eel (10 damage)
             ... with a bolt of electricity
             ... on level 3 of the Dungeon.
             The game lasted 00:07:03 (1524 turns).

redwoodhats the Shield-Bearer (Formicid Fighter)    Turns: 1524, Time: 00:07:04

Health: -5/42      AC:  8    Str: 25    XL:     5   Next: 10%
Magic:  5/5        EV:  8    Int:  8    God:
Gold:   103        SH: 16    Dex: 11    Spells: 4/4 levels left

rFire    . . .     SeeInvis +   a - +0 trident
rCold    . . .     Gourm    .   c - +0 shield
rNeg     . . .     Faith    .   b - +0 scale mail
rPois    .         Spirit   .   (helmet unavailable)
rElec    .         Reflect  +   (no cloak)
rCorr    .         Harm     .   (no gloves)
MR       .....                  p - +0 pair of boots
Stlth    ..........             o - +6 amulet of reflection
HPRegen  0.14/turn              (no ring)
MPRegen  0.09/turn              (no ring)

@: mighty
A: permanent stasis, dig shafts and tunnels, four strong arms, antennae 3
a: Dig, Shaft Self


You were on level 3 of the Dungeon.
You were not hungry.

You visited 1 branch of the dungeon, and saw 3 of its levels.

You collected 103 gold pieces.

Inventory:

Hand Weapons
 a - a +0 trident (weapon)
 g - a +0 hunting sling
 l - a cursed -3 dagger
Armour
 b - a +0 scale mail (worn)
 c - a +0 shield (worn)
 p - a +0 pair of boots (worn)
Jewellery
 o - a +6 amulet of reflection (around neck)
Wands
 e - a wand of flame (19)
Scrolls
 i - 2 scrolls of teleportation
 j - a scroll of fear
Comestibles
 f - 5 rations


   Skills:
 + Level 4.0 Fighting
 + Level 3.3 Polearms
 + Level 4.0 Armour
 + Level 0.2 Dodging
 + Level 4.2 Shields


You had 4 spell levels left.
You didn't know any spells.
Your spell library was empty.

Dungeon Overview and Level Annotations

Branches:
Dungeon (3/15)

Altars:
Makhleb
Okawaru
Yredelemnul


Innate Abilities, Weirdness & Mutations

You cannot be hasted, slowed, berserked, paralysed or teleported.
You can dig through walls and to a lower floor.
Your four strong arms can wield two-handed weapons with a shield.
You have a pair of large antennae on your head. (SInv)


Message History

There is an open door here.
The electric eel shoots out a bolt of lightning at you!
The bolt of electricity hits you!
You hit the electric eel.
The electric eel is moderately wounded.
You miss the electric eel.
The electric eel is moderately wounded.
The electric eel shoots out a bolt of lightning at you!
The bolt of electricity hits you!
The electric eel shoots out a bolt of lightning at you!
The bolt of electricity hits you!
You miss the electric eel.
The electric eel is moderately wounded.
The electric eel shoots out a bolt of lightning at you!
The bolt of electricity hits you!
* * * LOW HITPOINT WARNING * * *
You feel very mighty all of a sudden.
The electric eel shoots out a bolt of lightning at you!
The bolt of electricity hits you!
You die...

#####..........?#.#.....
#........####.#.........
.#....©....#.#.........
#.#######.#.#.........
#.#8.©.8#.#.#.#.####..
#.#P...P#.#.#.#.# #..
#.###'###.#.#.#.# #..
#.#≈...≈#.#.#.#.# #..
#.#≈.@.≈#.# #.#.# #..
#.#≈;;≈≈#.# #.#.# ###
#.#≈≈♣≈≈#.# #.#≈≈ ≈≈#.#
#.#≈≈ ≈≈#.# # #.#≈P
≈≈#.# # #.### ###.# #
#.#P. .P#.# # #


You could see 2 electric eels.

Vanquished Creatures
  A crimson imp (D:2)
  3 adders
  An ooze (D:1)
  A worm (D:2)
  A dart slug (D:1)
  A leopard gecko (D:1)
  2 orcs (D:2)
  2 bats
  A giant cockroach (D:1)
  4 goblins (D:2)
  5 hobgoblins
  3 kobolds
  A ball python (D:1)
  6 frilled lizards
  5 rats
37 creatures vanquished.

Vanquished Creatures (others)
  A goblin (D:2)
1 creature vanquished.

Grand Total: 38 creatures vanquished

Notes
Turn   | Place    | Note
-------+----------+-------------------------------------------
     0 | D:1      | redwoodhats the Formicid Fighter began the quest for the
                  | Orb.
     0 | D:1      | Reached XP level 1. HP: 18/18 MP: 1/1
   104 | D:1      | Reached XP level 2. HP: 22/24 MP: 2/2
   566 | D:1      | Reached XP level 3. HP: 29/29 MP: 3/3
   706 | D:2      | Found a basalt altar of Yredelemnul.
  1039 | D:2      | Found a burning altar of Makhleb.
  1084 | D:2      | Reached XP level 4. HP: 34/37 MP: 4/4
  1126 | D:2      | Found an iron altar of Okawaru.
  1407 | D:2      | Reached XP level 5. HP: 42/42 MP: 5/5
  1501 | D:3      | Found a transporter.
  1524 | D:3      | Killed from afar by an electric eel

Skill      XL: |  1  2  3  4  5 |
---------------+----------------+-----
Shields        | 4 |  4.2
Polearms       | 3 |  3.3
Armour         | 4 |  4.0
Fighting       | 4 |  4.0
Dodging        | |  0.2

Action                   |  1- 3 |  4- 6 || total
-------------------------+-------+-------++-------
Melee: Trident           |    94 |    42 ||   136
 Abil: Dig               |     3 |     2 ||     5
  Use: Scroll            |     4 |     3 ||     7
       Potion            |     1 |     4 ||     5
  Eat: Ration            |     1 |       ||     1
Armor: Scale mail        |    30 |    21 ||    51
Dodge: Dodged            |    30 |    19 ||    49
Block: Shield            |    54 |    58 ||   112
       Reflection        |       |     2 ||     2
